 Dungeon Crawl Stone Soup version 0.28-a0-1624-g820543e53a (webtiles) character file.

Game seed: 3103138488553318996

127 soggyman666 the Magician (level 5, 35/35 HPs)
             Began as a Djinni Venom Mage on Jan 23, 2022.
             Quit the game on level 6 of the Dungeon.
             The game lasted 00:10:16 (5498 turns).

soggyman666 the Magician (Djinni Venom Mage)        Turns: 5498, Time: 00:10:17

Health: 35/35      AC:  5    Str:  7    XL:     5   Next: 33%
Gold:   79         EV: 12    Int: 19    God:
                   SH:  0    Dex: 13

rFire   + + .      SeeInvis .   d - +3 dagger (venom)
rCold   x . .      Faith    .   e - orb {mayhem}
rNeg    . . .      Spirit   .   a - +0 robe
rPois   ∞          Reflect  .   (no helmet)
rElec   .          Harm     .   (no cloak)
rCorr   .          Rampage  .   l - +2 pair of gloves
Will    .....                   (boots unavailable)
Stlth   ++........              (no amulet)
HPRegen 0.11/turn               (no ring)
MPRegen 0.00/turn               (no ring)

@: flying
A: sickness immunity, fire resistance 2, cold vulnerability 1, float, innate
caster, hp casting, extra vitality 1
a: no special abilities


You were on level 6 of the Dungeon.
You visited 1 branch of the dungeon, and saw 5 of its levels.

You collected 79 gold pieces.

Inventory:

Hand Weapons
 d - a +3 dagger of venom (weapon)
Armour
 a - a +0 robe (worn)
 e - an orb of mayhem (worn)
 l - a +2 pair of gloves (worn)
Scrolls
 h - a scroll of magic mapping {unknown}
 k - 2 scrolls of teleportation {unknown}
 m - 2 scrolls of fog {unknown}
Potions
 b - a potion of brilliance {unknown}
 c - a potion of magic {unknown}
 f - a potion of lignification {unknown}
 g - 2 potions of mutation {unknown}
 i - a potion of berserk rage {unknown}
 j - a potion of flight {unknown}


   Skills:
 + Level 2.4 Dodging
 + Level 1.9 Stealth
 + Level 4.2 Spellcasting


You couldn't memorise any spells.
You knew the following spells:

 Your Spells              Type           Power      Damage    Failure   Level
a - Sting                 Tmut/Pois      80%        1d7       2%          1
b - Poisonous Vapours     Pois/Air       40%        N/A       3%          2
c - Mephitic Cloud        Conj/Pois/Air  20%        N/A       7%          3
d - Olgreb's Toxic Radia  Pois           20%        N/A       24%         4
e - Summon Small Mammal   Summ           80%        N/A       2%          1
f - Wereblood             Tmut           20%        N/A       3%          2
Your spell library was empty.

Dungeon Overview and Level Annotations

Branches:
Dungeon (6/15)
 Temple: D:4-7

Altars:

Shops:
D:1 :


Innate Abilities, Weirdness & Mutations

You are immune to sickness and miasma.
You are immune to poison.
Your flesh is very heat resistant. (rF++)
You are vulnerable to cold. (rC-)
You float through the air rather than walking.
You learn spells naturally, not from books.
Your magical power is your life essence.
You have superior vitality. (+4 MHP)


Message History

Confirm with . or Enter, or press ? or * to list all spells.
Aiming: Sting (safe; 3% risk of failure)
Press: ? - help, Shift-Dir - straight line, f/p - bullfrog
Aim: a bullfrog (heavily wounded, extremely poisoned, 67% to hit)
The sting hits the bullfrog.
The bullfrog looks as sick as possible!
The bullfrog is heavily wounded.
The bullfrog barely misses you.
Casting: Sting (safe; 3% risk of failure)
Confirm with . or Enter, or press ? or * to list all spells.
Aiming: Sting (safe; 3% risk of failure)
Press: ? - help, Shift-Dir - straight line, f/p - bullfrog
Aim: a bullfrog (severely wounded, extremely poisoned, 67% to hit)
The sting misses the bullfrog.
The bullfrog closely misses you. The bullfrog misses you.
Casting: Sting (safe; 3% risk of failure)
Confirm with . or Enter, or press ? or * to list all spells.
Aiming: Sting (safe; 3% risk of failure)
Press: ? - help, Shift-Dir - straight line, f/p - bullfrog
Aim: a bullfrog (severely wounded, extremely poisoned, 67% to hit)
The sting hits the bullfrog.
The bullfrog looks as sick as possible!
The bullfrog is severely wounded.
The bullfrog hits you.
* * * LOW HITPOINT WARNING * * *
Casting: Sting (safe; 3% risk of failure)
Confirm with . or Enter, or press ? or * to list all spells.
Aiming: Sting (safe; 3% risk of failure)
Press: ? - help, Shift-Dir - straight line, f/p - bullfrog
Aim: a bullfrog (severely wounded, extremely poisoned, 67% to hit)
The sting hits the bullfrog.
The bullfrog looks as sick as possible!
You kill the bullfrog!
* * * LOW HITPOINT WARNING * * *
Your Spellcasting skill increases to level 4!
You have reached level 5!
The power to cast Wereblood wells up from within.
Spell assigned to 'f'.
You start resting.
HP restored.
Unknown command.
Unknown command.
Are you sure you want to abandon this character and quit the game? (Confirm with "yes".)

###
..#
#.#
#.#
#.#
#@#
#.#
#.#
#.#
#.#
...
(..
...


There were no monsters in sight!

Vanquished Creatures
  A bullfrog (D:6)
  An adder (D:2)
  2 worms
  2 dart slugs
  4 ball pythons
  5 bats
  3 endoplasms
  2 giant cockroaches
  8 goblins
  2 hobgoblins
  A quokka (D:2)
  A frilled lizard (D:3)
  5 kobolds
  4 rats
41 creatures vanquished.

Notes
Turn   | Place    | Note
-------+----------+-------------------------------------------
     0 | D:1      | soggyman666 the Djinni Venom Mage began the quest for the
                  | Orb.
     0 | D:1      | Reached XP level 1. HP: 15/15 MP: 0/0
   623 | D:1      | Reached XP level 2. HP: 19/21 MP: 0/0
   872 | D:1      | Found Penwiera's Book Shop.
  1171 | D:1      | Reached skill level 3 in Spellcasting
  1508 | D:1      | Reached XP level 3. HP: 15/25 MP: 0/0
  1508 | D:1      | Learned a level 1 spell: Summon Small Mammal
  2624 | D:2      | HP: 1/25 [worm (10)]
  4223 | D:2      | Found a faded altar of an unknown god.
  4227 | D:2      | Reached XP level 4. HP: 24/31 MP: 0/0
  5233 | D:3      | You are sucked into a shaft and drop 3 floors!
  5239 | D:5      | Entered Level 5 of the Dungeon
  5261 | D:6      | Noticed a bullfrog
  5270 | D:6      | Killed a bullfrog
  5271 | D:6      | Reached skill level 4 in Spellcasting
  5271 | D:6      | Reached XP level 5. HP: 10/35 MP: 0/0
  5271 | D:6      | Learned a level 2 spell: Wereblood
  5498 | D:6      | Quit the game

Illustrated notes

Levels and vault maps discovered:
D:1:      nagdon_arrival_double_spiral, layout_loops_corners, serial_shops,
          nicolae_diamond_shop, nicolae_figureground_sparkle
D:2:      layout_loops_ring, ebering_ecumenical_altar_box
D:3:      layout_basic, lemuel_tele_altar, serial_shops, shop
D:5:      layout_basic, minmay_misc_feat_plants, minivault_23,
          kennysheep_decorative_pillar, uniq_grinder, uniq_ijyb, uniq_menkaure
D:6:      layout_loops_ring, minmay_temple_entry_statues, nicolae_elemental_shop

Skill      XL: |  1  2  3  4 |
---------------+-------------+-----
Spellcasting   | 3 4 |  4.2
Dodging        | |  2.4
Stealth        | |  1.9

Action                   |  1- 3 |  4- 6 || total
-------------------------+-------+-------++-------
Melee: Dagger            |     2 |       ||     2
 Cast: Sting             |    34 |    14 ||    48
       Poisonous Vapours |    72 |    30 ||   102
       Summon Small Mamm |     5 |       ||     5
       Mephitic Cloud    |       |     2 ||     2
  Use: Scroll            |     3 |       ||     3
Armor: Robe              |     9 |     4 ||    13
Dodge: Dodged            |    26 |    13 ||    39

Table legend: (Time is in decaauts)
 A = Elapsed time spent in this place.
 B = Non-inter-level travel time spent in this place.
 C = Inter-level travel time spent in this place.
 D = Time resting spent in this place.
 E = Time spent auto-exploring this place.
 F = Levels seen in this place.
 G = Mean time per level.
                   A        B        C        D        E       F      G
               +--------+--------+--------+--------+--------+-----+--------+
         Total |   5499 |   5422 |     77 |   1237 |   3748 |   5 | 1099.8 |
       Dungeon |   5499 |   5422 |     77 |   1237 |   3748 |   5 | 1099.8 |
               +--------+--------+--------+--------+--------+-----+--------+

Top non-repeatable levels by time:
     D:1: 2515 daAuts
     D:2: 2173 daAuts
     D:3: 544 daAuts
     D:6: 263 daAuts
     D:5: 1 daAuts
